 Dungeon Crawl Stone Soup version 0.26-a0-1132-ge9770dfcb6 (webtiles) character file.

Game seed: 9272684030316260432

2970 Froggeryz the Basher (level 10, -5/73 HPs)
             Began as a Human Gladiator on Dec 20, 2020.
             Was an Elder of Okawaru.
             Killed by nerve-wracking pain
             ... invoked by an orc priest
              (14 damage)
             ... on level 9 of the Dungeon.
             The game lasted 00:08:23 (9208 turns).

Froggeryz the Basher (Human Gladiator)              Turns: 9208, Time: 00:08:24

Health: -5/73      AC:  8    Str: 18    XL:     10   Next: 8%
Magic:  10/10      EV: 11    Int:  9    God:    Okawaru [****..]
Gold:   153        SH:  6    Dex: 20    Spells: 9/9 levels left

rFire    . . .     SeeInvis .   B - +1 flail (vorpal)
rCold    . . .     Faith    .   i - +0 buckler
rNeg     . . .     Spirit   .   t - +0 scale mail
rPois    .         Reflect  .   c - +0 helmet
rElec    .         Harm     .   G - +0 cloak
rCorr    .         Rampage  .   (no gloves)
Will     .....                  (no boots)
Stlth    +.........             (no amulet)
HPRegen  0.22/turn              l - +6 ring of dexterity
MPRegen  0.12/turn              z - ring of stealth

@: no status effects
A: no striking features
a: Renounce Religion, Heroism


You were on level 9 of the Dungeon.
You worshipped Okawaru.
Okawaru was greatly pleased with you.
You visited 1 branch of the dungeon, and saw 9 of its levels.

You collected 341 gold pieces.
You spent 188 gold pieces at shops.

Inventory:

Hand Weapons
 B - a +1 vorpal flail (weapon)
Missiles
 d - 2 throwing nets (quivered)
 x - 3 javelins
Armour
 c - a +0 helmet (worn)
 i - a +0 buckler (worn)
 r - a +2 kite shield
 t - a +0 scale mail (worn)
 G - a +0 cloak (worn)
Jewellery
 l - a +6 ring of dexterity (left hand)
 z - a ring of stealth (right hand)
Wands
 u - a wand of enslavement (1)
 E - a wand of acid (14)
 K - a wand of paralysis (7)
Scrolls
 f - 2 scrolls of teleportation
 g - a scroll of fog {unknown}
 h - 2 scrolls of enchant weapon {unknown}
 j - 2 scrolls of blinking {unknown}
 m - 2 scrolls of amnesia {unknown}
 n - 4 scrolls of remove curse
 p - 4 scrolls of identify {unknown}
 q - 2 scrolls of noise {unknown}
 y - a scroll of fear {unknown}
 A - 2 scrolls of immolation {unknown}
 D - a scroll of magic mapping {unknown}
 F - a scroll of random uselessness {unknown}
Potions
 a - 2 potions of ambrosia {unknown}
 b - a potion of heal wounds {unknown}
 e - a potion of magic {unknown}
 k - 5 potions of flight {unknown}
 o - 2 potions of mutation {unknown}
 s - 2 potions of curing {unknown}
 v - a potion of berserk rage {unknown}
 w - 2 potions of brilliance {unknown}
 C - 2 potions of degeneration {unknown}
 H - a potion of invisibility {unknown}
 I - a potion of attraction {unknown}
 J - a potion of haste {unknown}


   Skills:
 + Level 4.9 Fighting
 * Level 11.3 Maces & Flails
 - Level 2.0 Throwing
 - Level 3.0 Dodging
 - Level 5.6 Shields


You had 9 spell levels left.
You didn't know any spells.
Your spell library was empty.

Dungeon Overview and Level Annotations

Branches:
Dungeon (9/15)             Temple (0/1) D:5
   Lair: D:8-11         Orc: D:9-12

Altars:
Okawaru
Qazlal
Sif Muna
Trog
Wu Jian
Xom

Shops:
D:5 (

Annotations:
D:4 3 runed translucent doors, Zing's ghost, amateur TeSu; hemabe71's ghost, amateur HuAr; thewurscht's ghost, amateur TrHu


Message History

You are too injured to fight recklessly!
You are too injured to fight recklessly!
You are too injured to fight recklessly!
You are too injured to fight recklessly!
You are too injured to fight recklessly!
You are too injured to fight recklessly!
You are too injured to fight recklessly!
You are too injured to fight recklessly!
You hit the orc priest.
The orc priest is lightly wounded.
The manticore closely misses you. The manticore claws you!
The manticore claws you.
* * * LOW HITPOINT WARNING * * *
Something hits you.
* * * LOW HITPOINT WARNING * * *
Something shocks you.
* * * LOW HITPOINT WARNING * * *
The orc priest calls down the wrath of Beogh upon you.
Pain shoots through your body!
You die...

#...)#.# # #.####.#
#.####.###
.######+####.........
..................##.
......#.####.###...#
#.##....###.##.#.#..
## #..)...##.#H##.##.
#.
#...#.......@{o.....
...
#.#......#.##o##.##.
... #........##.# #.#
.## #..########.# #W.
###. .. #.# ...
###... #.# ....
###..... ...
.[###....... ...
###>........
###.......


You could see a manticore, a phantom, an orc priest and an orc.

Vanquished Creatures
  Maurice (D:8)
  Maggie (D:6)
  A water moccasin (D:6)
  2 orc warriors (D:9)
  A phantom (D:6)
  5 ogres
  3 centaurs
  A big kobold (D:9)
  A wyvern skeleton (D:9)
  2 scorpions
  5 wights
  An electric eel (D:8)
  A centaur zombie (D:7)
  4 hounds
  3 jellies
  2 orc priests
  Crazy Yiuf (D:6)
  2 bullfrog skeletons
  A gnoll shaman (D:6)
  2 orc wizards
  Ijyb (D:3)
  2 worker ants
  2 hound skeletons
  5 gnolls (D:6)
  6 adders
  A shadow imp (D:6)
  A white imp (D:8)
  3 oozes
  An adder zombie (D:6)
  A worm (D:4)
  A dart slug (D:3)
  3 leopard geckos
  15 orcs
  12 bats
  3 giant cockroaches
  7 hobgoblins
  3 jackals (D:4)
  6 quokkas
  A ball python skeleton (D:4)
  7 frilled lizards
  11 goblins
  A jackal skeleton (D:6)
  15 kobolds
  A leopard gecko skeleton (D:5)
  A leopard gecko zombie (D:8)
  2 quokka skeletons
  13 rats
165 creatures vanquished.

Notes
Turn   | Place    | Note
-------+----------+-------------------------------------------
     0 | D:1      | Froggeryz the Human Gladiator began the quest for the Orb.
     0 | D:1      | Reached XP level 1. HP: 16/16 MP: 1/1
   234 | D:1      | Reached XP level 2. HP: 13/22 MP: 2/2
   461 | D:1      | Reached skill level 4 in Maces & Flails
   461 | D:1      | Reached XP level 3. HP: 27/27 MP: 3/3
  1775 | D:2      | Reached XP level 4. HP: 14/33 MP: 4/4
  2054 | D:2      | Reached skill level 1 in Shields
  2765 | D:3      | Found a stormy altar of Qazlal.
  2766 | D:3      | Found a shimmering blue altar of Sif Muna.
  2766 | D:3      | Found an ornate altar of the Wu Jian Council.
  2766 | D:3      | Found a bloodstained altar of Trog.
  2780 | D:3      | Reached skill level 5 in Maces & Flails
  2781 | D:3      | Reached XP level 5. HP: 31/38 MP: 5/5
  2782 | D:3      | Found an iron altar of Okawaru.
  2782 | D:3      | Found a shimmering altar of Xom.
  2791 | D:3      | Became a worshipper of Warmaster Okawaru
  2969 | D:3      | You fall into a shaft and drop 1 floor!
  3364 | D:3      | Noticed Ijyb
  3379 | D:3      | Killed Ijyb
  3420 | D:3      | Found a bloodstained altar of Trog.
  3459 | D:4      | Found a runed translucent gate.
  3459 | D:4      | Found a runed translucent gate.
  3459 | D:4      | Found a runed translucent gate.
  3459 | D:4      | Noticed hemabe71's ghost (amateur HuAr)
  3459 | D:4      | Noticed Zing's ghost (amateur TeSu)
  3459 | D:4      | Noticed thewurscht's ghost (amateur TrHu)
  3492 | D:4      | Noticed an ogre
  3497 | D:4      | Killed an ogre
  3498 | D:4      | Reached skill level 6 in Maces & Flails
  3498 | D:4      | Reached XP level 6. HP: 43/44 MP: 6/6
  3627 | D:4      | Noticed an ogre
  3636 | D:4      | Killed an ogre
  3993 | D:4      | Reached * piety under Okawaru
  3994 | D:4      | Reached XP level 7. HP: 45/50 MP: 7/7
  4044 | D:4      | You fall into a shaft and drop 1 floor!
  4044 | D:5      | Entered Level 5 of the Dungeon
  4082 | D:5      | Reached skill level 7 in Maces & Flails
  4246 | D:5      | Found a staircase to the Ecumenical Temple.
  4331 | D:5      | Found Kaukiumm's Antique Weapon Shoppe.
  4937 | D:5      | Found a stormy altar of Qazlal.
  5295 | D:5      | Bought a runed flail for 188 gold pieces
  5395 | D:6      | Noticed Maggie
  5526 | D:6      | Killed Maggie
  5526 | D:6      | Reached ** piety under Okawaru
  5527 | D:6      | Reached skill level 8 in Maces & Flails
  5527 | D:6      | Reached XP level 8. HP: 39/56 MP: 8/8
  5884 | D:6      | Reached skill level 5 in Shields
  5911 | D:6      | Reached *** piety under Okawaru
  5912 | D:6      | Reached skill level 9 in Maces & Flails
  6350 | D:6      | Reached XP level 9. HP: 61/61 MP: 9/9
  6534 | D:6      | Found a runed translucent door.
  6535 | D:6      | Noticed Crazy Yiuf
  6542 | D:6      | Killed Crazy Yiuf
  6777 | D:7      | Reached skill level 10 in Maces & Flails
  8113 | D:8      | Noticed Maurice
  8163 | D:8      | Killed Maurice
  8163 | D:8      | Reached **** piety under Okawaru
  8827 | D:9      | Reached skill level 11 in Maces & Flails
  8965 | D:9      | Reached XP level 10. HP: 56/73 MP: 10/10
  9196 | D:9      | Noticed a manticore
  9208 | D:9      | Killed from afar by an orc priest

Illustrated notes

Levels and vault maps discovered:
D:1:      heliophobic_arrival_glass_houses, layout_basic, minmay_vboxes
D:2:      layout_loops_corners, kennysheep_generic_room_14
D:3:      layout_basic, minmay_overflow_temple_hex, trog_book, uniq_ijyb
D:4:      layout_rooms, gammafunk_ghost_cemetery, serial_corexii_hall,
          corexii_hall_statues_l, corexii_hall_statues_deadend, uniq_pikel
D:5:      layout_loops_ring, minmay_temple_entry_glass, serial_shops,
          nicolae_shop_statue_plus, grunt_ministairs_7, dk_noncrumbling_2,
          minmay_misc_feat_columns, nicolae_qazlal_eye_of_the_storm
D:6:      layout_loops_ring, uniq_crazy_yiuf_cottage, uniq_maggie
D:7:      layout_gridville
D:8:      layout_basic, uniq_maurice
D:9:      minmay_diamond_stairs, layout_loops_ring, dpeg_lair_monsters,
          nrook_pool_corridor, grunt_ministairs_8

Skill      XL: |  1  2  3  4  5  6  7  8  9 |
---------------+----------------------------+-----
Maces & Flails | 4 5 6 8 9 11 | 11.3
Shields        | 1 2 3 4 5 |  5.6
Fighting       | 4 |  4.9
Throwing       | |  2.0
Dodging        | |  3.0

Action                   |  1- 3 |  4- 6 |  7- 9 | 10-12 || total
-------------------------+-------+-------+-------+-------++-------
Melee: Flail             |   130 |   172 |   333 |    28 ||   663
Throw: Javelin           |       |     3 |     2 |       ||     5
       Throwing net      |       |       |     2 |       ||     2
Evoke: Wand              |       |       |     8 |       ||     8
  Use: Scroll            |       |       |     2 |       ||     2
 Stab: Held in net/web   |       |       |     2 |       ||     2
       Sleeping          |       |       |     2 |       ||     2
       Distracted        |       |       |     2 |       ||     2
Armor: Leather armour    |    16 |       |       |       ||    16
       Ring mail         |    45 |     6 |       |       ||    51
       Scale mail        |       |    81 |    76 |     6 ||   163
Dodge: Dodged            |   111 |   102 |   124 |    16 ||   353
Block: Buckler           |     5 |    55 |    82 |     9 ||   151

Table legend: (Time is in decaauts)
 A = Elapsed time spent in this place.
 B = Non-inter-level travel time spent in this place.
 C = Inter-level travel time spent in this place.
 D = Time resting spent in this place.
 E = Time spent auto-exploring this place.
 F = Levels seen in this place.
 G = Mean time per level.
                   A        B        C        D        E       F      G
               +--------+--------+--------+--------+--------+-----+--------+
         Total |   9243 |   8903 |    340 |   1578 |   5988 |   9 | 1027.0 |
       Dungeon |   9243 |   8903 |    340 |   1578 |   5988 |   9 | 1027.0 |
               +--------+--------+--------+--------+--------+-----+--------+

Top non-repeatable levels by time:
     D:6: 1451 daAuts
     D:2: 1323 daAuts
     D:5: 1222 daAuts
     D:1: 1168 daAuts
     D:7: 1128 daAuts
     D:8: 880 daAuts
     D:4: 880 daAuts
     D:3: 729 daAuts
     D:9: 458 daAuts
